 Dungeon Crawl Stone Soup version 0.26-a0-394-g0b5ff556b1 (webtiles) character file.

Game seed: 14003026966278540868

26623 MrRokkomies the Fighter (level 12, -14/172 HPs)
             Began as a Demigod Ice Elementalist on July 23, 2020.
             Demolished by a minotaur
             ... wielding the +8 spear of Responsibility {flame, rC+}
              (29 damage)
             ... in a Gauntlet.
             The game lasted 01:09:33 (18345 turns).

MrRokkomies the Fighter (Demigod Ice Elementalist) Turns: 18345, Time: 01:09:34

Health: -14/172    AC: 10    Str: 24    XL:     12   Next: 62%
Magic:  18/18      EV: 17    Int: 27    God:
Gold:   563        SH:  0    Dex: 16    Spells: 3/14 levels left

rFire    . . .     SeeInvis .   a - +4 flail of the Shouting Oracle {venom, *Corrode rC- MR+++ Str+7}
rCold    + + .     Faith    .   (no shield)
rNeg     . . .     Spirit   .   I - +1 scale mail of Uskayaw {+Fly rC+++ Regen+}
rPois    +         Reflect  .   q - +2 helmet
rElec    .         Harm     .   O - +0 cloak of Crawling {MR+}
rCorr    .         NoTele   +   L - +2 pair of gloves
MR       +++++                  (no boots)
Stlth    ..........             J - amulet of magic regeneration
HPRegen  0.78/turn              C - ring of poison resistance
MPRegen  0.41/turn              T - +6 ring of strength

@: berserking (expiring), corroded, very quick
A: high mp 1
a: Evoke Flight


You were in a Gauntlet.
You visited 2 branches of the dungeon, and saw 15 of its levels.
You also visited: Sewer, Gauntlet and Volcano.

You collected 1229 gold pieces.
You spent 666 gold pieces at shops.

Inventory:

Hand Weapons
 a - the +4 flail of the Shouting Oracle (weapon) {venom, *Corrode rC- MR+++ Str+7}
   (You found it on level 11 of the Dungeon)

   It poisons the flesh of those it strikes.
   It affects your strength (+7).
   It makes you vulnerable to cold.
   It affects your resistance to hostile enchantments.
   It may corrode you when you take damage.
 d - a +0 arbalest of flaming
 g - a +1 flail of holy wrath
 F - a +2 great sword of flaming
Missiles
 l - 37 poisoned darts (quivered)
 s - 2 javelins
 u - 3 boomerangs
 y - 64 bolts
Armour
 p - a +3 ring mail of positive energy
 q - a +2 helmet (worn)
 z - a +1 ring mail of cold resistance
 E - the +0 cloak of Insurance {-Cast rElec Dex+4 Stlth+}
   (You found it in a Gauntlet)

   It affects your dexterity (+4).
   It insulates you from electricity.
   It prevents spellcasting.
   It makes you more stealthy.
 I - the +1 scale mail of Uskayaw (worn) {+Fly rC+++ Regen+}
   (You found it on level 7 of the Dungeon)

   It renders you almost immune to cold.
   It lets you fly.
   It increases your rate of regeneration.
 K - a scarf of shadows
 L - a +2 pair of gloves (worn)
 O - the +0 cloak of Crawling (worn) {MR+}
   (You found it in a Gauntlet)

   It affects your resistance to hostile enchantments.
Magical Staves
 b - an uncursed staff of cold
 H - an uncursed staff of fire
 X - an uncursed staff of conjuration
Jewellery
 B - an uncursed ring of ice
 C - a ring of poison resistance (left hand)
 J - an amulet of magic regeneration (around neck)
 N - an uncursed ring of ice
 T - a +6 ring of strength (right hand)
Wands
 A - a wand of iceblast (18)
 P - a wand of flame (18)
 S - a wand of clouds (6)
Scrolls
 m - 2 scrolls of amnesia
 n - a scroll of blinking
 r - a scroll of enchant weapon
 t - 10 scrolls of teleportation
 D - 4 scrolls of identify
 M - 2 scrolls of remove curse
 R - a scroll of enchant armour
 U - 4 scrolls of fear
Potions
 c - a potion of berserk rage
 e - 5 potions of flight
 f - 2 potions of magic {unknown}
 h - 2 potions of haste
 i - 5 potions of brilliance
 j - 3 potions of stabbing
 k - a potion of resistance {unknown}
 o - 7 potions of might
 v - 5 potions of mutation
 w - 3 potions of cancellation
 x - 4 potions of invisibility
 G - 5 potions of lignification {unknown}
 Q - a potion of heal wounds
 W - 4 potions of curing


   Skills:
 * Level 13.2 Fighting
 + Level 9.9 Dodging
 - Level 1.7 Stealth
 - Level 1.7 Spellcasting
 * Level 9.5 Summonings
 - Level 8.0 Ice Magic


You had 3 spell levels left.
You knew the following spells:

 Your Spells              Type           Power        Failure   Level
a - Freeze                Ice            ####         1%          1
b - Frozen Ramparts       Ice            #####.       3%          3
c - Ozocubu's Armour      Ice            #####...     3%          3
d - Summon Ice Beast      Ice/Summ       #####...     7%          4

Your spell library contained the following spells:

 Spells                   Type           Power        Failure   Level
 Confusing Touch          Hex            #.......     61%         3
 Gell's Gravitas          Tloc           #.........   61%         3
 Hailstorm                Conj/Ice       ###.....     45%         4
 Metabolic Englaciation   Hex/Ice        ###.......   80%         5
 Petrify                  Tmut/Erth      #.......     95%         4
 Irradiate                Conj/Tmut      #.........   100%        5
 Yara's Violent Unravell  Hex/Tmut       #.........   100%        5
 Hydra Form               Tmut           #.........   100%        6
 Statue Form              Tmut/Erth      #........    100%        6
 Dragon Form              Tmut           #.........   100%        7


Dungeon Overview and Level Annotations

Branches:
Dungeon (11/15)            Temple (0/1) D:4            Lair (4/6) D:10
  Sewer (visited)         Volcano (visited)         Gauntlet (1/1)
  Swamp: Lair:2-4    Shoals: Lair:2-4     Snake: Lair:2-4    Spider: Lair:2-4
    Orc: D:9-12

Shops:
D:7 =?[?   D:8 *   D:9 !*[*   D:10 **[[

Annotations:
Lair:2 1 runed translucent door, deyja's ghost, journeyman DsIE Gauntlet 6 transporters


Innate Abilities, Weirdness & Mutations

You have an increased reservoir of magic. (+10% MP)


Message History

The minotaur completely misses you. The minotaur gores you!
* * * LOW HITPOINT WARNING * * *
There is an open door, spattered with blood here.
You hit the minotaur but do no damage.
The minotaur is heavily wounded.
There is an open door, spattered with blood here.
You sock the minotaur!
The minotaur is poisoned.
The minotaur is severely wounded.
The minotaur hits you with the +8 spear of Responsibility {flame, rC+}!
* * * LOW HITPOINT WARNING * * *
The minotaur burns you.
* * * LOW HITPOINT WARNING * * *
The minotaur barely misses you. The heat melts your icy armour.
There is an open door, spattered with blood here.
You are too berserk!
There is an open door, spattered with blood here.
Your icy armour cracks and falls away as you move.
The minotaur hits you from afar with the +8 spear of Responsibility {flame, rC+}!!
You die...

.# .. ### #. #\#
#.##.# ..#.# .
#.#H# .#
###.##.#'###.##.
#......@(.......
#.##.##.##.##.##
.##.##.##.##.##
#...............
##.##.##.##.##.#
###.##.##.##.##.###
#≈§..............≈#
###
8.8.8..©.©..8.8.8#
### #8#
≈...............≈#
#8#


You could see a minotaur (very poisoned).

Vanquished Creatures
  A red draconian (Volcano)
  A fire dragon (D:11)
  2 centaur warriors
  2 two-headed ogres
  Pikel (D:6)
  A deep elf mage (D:11)
  A manticore (D:10)
  A cyclops (D:11)
  An elephant (Lair:4)
  2 black mambas
  A molten gargoyle (Volcano)
  4 cane toads
  A gargoyle (Volcano)
  2 rime drakes (Lair:1)
  A yaktaur (Volcano)
  2 komodo dragons
  A polar bear (Lair:2)
  A troll (D:11)
  A meliai (shapeshifter) (D:11)
  A hornet (D:11)
  3 blink frogs (Lair:3)
  A slime creature (D:11)
  4 hippogriffs
  A shadow (D:11)
  11 yaks (Lair:1)
  2 large abominations (Gauntlet)
  A vampire (D:7)
  A basilisk (D:11)
  2 fire bats (Volcano)
  2 swamp worms (Gauntlet)
  Duvessa (D:6)
  26 water moccasins
  4 porcupines
  4 sky beasts
  3 black bears
  3 ice beasts
  11 orc warriors
  6 ogres
  An eye of draining (D:8)
  6 wolves (Lair:3)
  5 centaurs
  3 crocodiles
  3 big kobolds
  5 small abominations (Gauntlet)
  12 bullfrogs
  Dowan (D:6)
  2 scorpions
  3 jellies
  8 killer bees
  4 wights (D:10)
  An electric eel (Lair:2)
  3 vampire bats (D:7)
  4 howler monkeys
  5 lava snakes (Volcano)
  2 hounds
  2 centaur zombies
  A quasit (D:10)
  3 centaur skeletons
  6 orc priests
  3 bullfrog skeletons
  7 orc wizards
  Jessica (D:2)
  Terence (D:2)
  5 iguanas
  5 worker ants
  Natasha (twice) (D:2)
  A hound skeleton (D:8)
  Robin (D:3)
  5 gnolls
  A howler monkey zombie (D:6)
  28 adders
  3 river rats
  2 shadow imps
  2 oozes (D:1)
  An adder skeleton (D:5)
  3 worms (D:3)
  2 dart slugs
  12 leopard geckos
  41 orcs
  3 ball pythons
  4 giant cockroaches
  19 goblins
  9 hobgoblins
  13 jackals
  15 kobolds
  7 quokkas
  16 bats
  7 frilled lizards
  12 rats
425 creatures vanquished.

Vanquished Creatures (collateral kills)
  A manticore (D:11)
  A hound skeleton (D:11)
  2 gnolls (D:11)
4 creatures vanquished.

Vanquished Creatures (others)
  2 fungi
2 creatures vanquished.

Grand Total: 431 creatures vanquished

Notes
Turn   | Place    | Note
-------+----------+-------------------------------------------
     0 | D:1      | MrRokkomies the Demigod Ice Elementalist began the quest
                  | for the Orb.
     0 | D:1      | Reached XP level 1. HP: 14/14 MP: 5/5
   297 | D:1      | You fall into a shaft and drop 1 floor!
   458 | D:1      | Reached skill level 1 in Fighting
   458 | D:1      | Reached XP level 2. HP: 15/23 MP: 5/7
  1504 | D:2      | Reached XP level 3. HP: 28/28 MP: 8/8
  1520 | D:2      | Learned a level 3 spell: Frozen Ramparts
  1697 | D:2      | Noticed Natasha
  1702 | D:2      | Killed Natasha
  1884 | D:2      | Noticed Natasha
  1895 | D:2      | Killed Natasha
  1895 | D:2      | Reached skill level 2 in Fighting
  1895 | D:2      | Reached XP level 4. HP: 22/36 MP: 5/9
  2054 | D:2      | Noticed Jessica
  2060 | D:2      | Killed Jessica
  2161 | D:2      | Noticed Terence
  2173 | D:2      | Killed Terence
  2349 | D:3      | Reached XP level 5. HP: 42/42 MP: 10/10
  2375 | D:3      | Noticed Robin
  2382 | D:3      | Killed Robin
  2487 | D:3      | Reached skill level 3 in Fighting
  2506 | D:3      | Reached skill level 5 in Ice Magic
  2549 | D:3      | Found a glowing drain.
  2553 | Sewer    | Entered a sewer
  2764 | Sewer    | Learned a level 3 spell: Ozocubu's Armour
  2826 | Sewer    | Reached XP level 6. HP: 49/51 MP: 2/11
  2903 | Sewer    | Found a white marble altar of Elyvilon.
  3719 | D:3      | Found a snail-covered altar of Cheibriados.
  3720 | D:3      | Found a burning altar of Makhleb.
  3764 | D:3      | Found a hide-covered altar of Uskayaw.
  3765 | D:3      | Found a stormy altar of Qazlal.
  4398 | D:4      | Found a staircase to the Ecumenical Temple.
  4443 | D:4      | Reached skill level 4 in Fighting
  5148 | D:5      | Entered Level 5 of the Dungeon
  5174 | D:5      | Reached XP level 7. HP: 41/59 MP: 8/12
  6624 | D:6      | Noticed Duvessa
  6630 | D:6      | Noticed Dowan
  6641 | D:6      | Killed Duvessa
  6641 | D:6      | Reached skill level 5 in Fighting
  6644 | D:6      | Killed Dowan
  6756 | D:6      | Found an ancient bone altar of Kikubaaqudgha.
  6862 | D:6      | Reached XP level 8. HP: 36/69 MP: 13/13
  7808 | D:6      | Noticed Pikel
  7813 | D:6      | Killed Pikel
  7813 | D:6      | Reached skill level 6 in Fighting
  7813 | D:6      | Reached skill level 5 in Dodging
  8297 | D:7      | Reached skill level 7 in Fighting
  8528 | D:7      | Reached XP level 9. HP: 68/79 MP: 14/14
  8576 | D:7      | Found Vuups's Antique Armour Boutique.
  8583 | D:7      | Bought a fine robe for 171 gold pieces
  8593 | D:7      | Identified the cursed +1 robe of the Salamander {rPois
                  | Stlth+} (You bought it in a shop on level 7 of the Dungeon)
  8613 | D:7      | Found Loesmuan's Magic Scroll Emporium.
  8634 | D:7      | Got an obsidian-encrusted scale mail
  8649 | D:7      | Identified the +1 scale mail of Uskayaw {+Fly rC+++ Regen+}
                  | (You found it on level 7 of the Dungeon)
  9078 | D:7      | Found a shimmering blue altar of Sif Muna.
  9080 | D:7      | Found a shimmering altar of Xom.
  9080 | D:7      | Found a white marble altar of Elyvilon.
  9168 | D:7      | Found Paw Dove's Magic Scroll Emporium.
  9168 | D:7      | Found Fyodghe's Jewellery Shoppe.
  9227 | D:7      | Found a shimmering altar of Xom.
  9227 | D:7      | Found a shimmering altar of Xom.
  9228 | D:7      | Found a shimmering altar of Xom.
  9242 | D:7      | Found a shimmering altar of Xom.
  9309 | D:7      | Reached skill level 8 in Fighting
  9701 | D:8      | Found a radiant altar of Vehumet.
 10085 | D:8      | Reached skill level 9 in Fighting
 10316 | D:8      | Reached XP level 10. HP: 82/91 MP: 9/15
 10509 | D:8      | Found Yqek's Assorted Antiques.
 10566 | D:9      | Found Emuedd's Assorted Antiques.
 10576 | D:9      | Bought a crystal quarterstaff for 333 gold pieces
 10576 | D:9      | Identified the cursed +1 quarterstaff "Onelishic" {vorpal,
                  | rPois MP+9 Str+8 Dex-3} (You bought it in a shop on level 9
                  | of the Dungeon)
 10662 | D:9      | Found Ibuabrust's Armour Emporium.
 10674 | D:9      | Found Ditwin's Distillery.
 10907 | D:9      | Found Ihusa's Assorted Antiques.
 10924 | D:9      | Bought a dented copper amulet for 135 gold pieces
 10924 | D:9      | Bought a scroll labeled ISYMOXKIWKE for 27 gold pieces
 10997 | D:9      | Found a hazy altar of Hepliaklqana.
 10997 | D:9      | Found an ornate altar of the Wu Jian Council.
 11002 | D:9      | Found a faded altar of an unknown god.
 11004 | D:9      | Found a faded altar of an unknown god.
 11005 | D:9      | Found a shattered altar of Ashenzari.
 11186 | D:9      | Found a shadowy altar of Dithmenos.
 11235 | D:10     | Entered Level 10 of the Dungeon
 11322 | D:10     | Learned a level 4 spell: Summon Ice Beast
 11398 | D:10     | Found a staircase to the Lair.
 11402 | D:10     | Reached skill level 1 in Summonings
 11443 | D:10     | Found Tycrunit's Assorted Antiques.
 11452 | D:10     | Reached skill level 10 in Fighting
 11508 | D:10     | Found Tainuigorph's Assorted Antiques.
 11597 | D:10     | Found Sishaentey's Assorted Antiques.
 11755 | D:10     | Noticed a two-headed ogre
 11778 | D:10     | HP: 3/93 [two-headed ogre/+0 dire flail (13)]
 11779 | D:10     | Killed a two-headed ogre
 12087 | D:10     | Found Ronnam's Antique Armour Boutique.
 12090 | D:10     | Found Eptumin's Antique Armour Shop.
 12139 | D:10     | Noticed a manticore
 12155 | D:10     | Killed a manticore
 13100 | D:11     | Noticed a two-headed ogre
 13109 | D:11     | Killed a two-headed ogre
 13109 | D:11     | Reached skill level 11 in Fighting
 13109 | D:11     | Reached XP level 11. HP: 101/102 MP: 17/17
 13310 | D:11     | Reached skill level 5 in Summonings
 13405 | D:11     | Noticed a centaur warrior
 13412 | D:11     | Killed a centaur warrior
 13519 | D:11     | Noticed a frost giant
 13892 | D:11     | Noticed a fire dragon
 13902 | D:11     | Killed a fire dragon
 13958 | D:11     | Got a steaming flail
 13962 | D:11     | Identified the +4 flail of the Shouting Oracle {venom,
                  | *Corrode rC- MR+++ Str+7} (You found it on level 11 of the
                  | Dungeon)
 14156 | Lair:1   | Entered Level 1 of the Lair of Beasts
 14510 | Lair:1   | Reached skill level 12 in Fighting
 14946 | Lair:2   | Found a dark tunnel.
 14955 | Volcano  | Entered a volcano
 15389 | Volcano  | Found a bloodstained altar of Trog.
 15389 | Volcano  | Noticed a centaur warrior
 15404 | Volcano  | Killed a centaur warrior
 15513 | Volcano  | Reached XP level 12. HP: 71/113 MP: 12/18
 15615 | Volcano  | Noticed a red draconian
 15624 | Volcano  | Killed a red draconian
 16296 | Lair:2   | Found a runed translucent door.
 16296 | Lair:2   | Noticed deyja's ghost (journeyman DsIE)
 17098 | Lair:3   | Reached skill level 13 in Fighting
 17141 | Lair:3   | You fall into a shaft and drop 1 floor!
 17342 | Lair:4   | Noticed a five-headed hydra
 17492 | Lair:4   | Found a gate leading to a gauntlet.
 17501 | Gauntlet | Entered a Gauntlet
 17501 | Gauntlet | Found a transporter.
 17501 | Gauntlet | Found a transporter.
 17502 | Gauntlet | Found a transporter.
 17505 | Gauntlet | Found a transporter.
 17505 | Gauntlet | Found a transporter.
 17505 | Gauntlet | Found a transporter.
 17514 | Gauntlet | Noticed a green death
 17517 | Gauntlet | Found a transporter.
 17519 | Gauntlet | Found a transporter.
 17529 | Gauntlet | Found a transporter.
 17632 | Gauntlet | Found a transporter.
 17636 | Gauntlet | Found a transporter.
 17648 | Gauntlet | Found a transporter.
 17648 | Gauntlet | Noticed an ice dragon
 17648 | Gauntlet | a slime creature changed into an ice dragon
 17649 | Gauntlet | an ice dragon changed into a slime creature
 17656 | Gauntlet | Noticed a spark wasp
 17656 | Gauntlet | a slime creature changed into a spark wasp
 17658 | Gauntlet | a spark wasp changed into a torpor snail
 17986 | Gauntlet | Got a faintly humming cloak
 18168 | Gauntlet | Identified the +0 cloak of Crawling {MR+} (You found it in
                  | a Gauntlet)
 18227 | Gauntlet | Got an ichor-stained cloak
 18238 | Gauntlet | Identified the cursed +0 cloak of Insurance {-Cast rElec
                  | Dex+4 Stlth+} (You found it in a Gauntlet)
 18329 | Gauntlet | Identified the +8 spear of Responsibility {flame, rC+}
 18329 | Gauntlet | Identified the amulet "Rienn" {Reflect rPois SH+5}
 18329 | Gauntlet | Noticed a minotaur
 18345 | Gauntlet | Demolished by a minotaur

Illustrated notes

Levels and vault maps discovered:
D:1:      dpeg_arrival_simpleton_a, layout_basic
D:2:      layout_loops_cross, uniq_natasha, uniq_terence, uniq_jessica
D:3:      layout_basic, minitemple, chequers_temple_overflow_statue_of_worship,
          gup_sewer_entry_spiral, minmay_fractal_squares_diagonal_5, uniq_robin
D:4:      layout_basic, minmay_temple_entry_ruins, serial_curves,
          eino_curves_02, eino_curves_02, st_stairs_3
D:5:      layout_loops_ring
D:6:      layout_basic, kiku_gazebo_garden_becter, roderic_filled_cross,
          st_stairs_12, uniq_pikel, uniq_duvessa
D:7:      layout_basic, grunt_temple_overflow_open, serial_shops, shop,
          shop_fountains, nicolae_shop_trees, shop, roderic_batcave,
          xom_redecorated
D:8:      layout_basic, marbit_many_paths, special_room [special_room_orc],
          serial_shops, shop
D:9:      layout_cross, chequers_temple_overflow_minitemple, serial_shops,
          nicolae_shop_window_shopping, shop_fountains, shop, shop,
          grunt_dithmenos_shadows
D:10:     layout_stronghold, grunt_lair_entry_orc_guard_hut, serial_shops,
          nicolae_shop_crystal, nicolae_shop_crystal, shop,
          nicolae_shop_overgrown_old_shop, shop, kennysheep_dice
D:11:     minmay_sliced_demisemicircle, layout_irregular_city, lightli_minifort
Lair:1:   layout_roguey
Lair:2:   lemuel_reptile_caves, layout_chaotic_city, ebering_ghost_inner_flame,
          enter_volcano_2, serial_bayou_shore_a, serial_bayou_shore_b,
          lemuel_fruit_tree, lemuel_fruit_fields
Lair:3:   minmay_lair_venomous_thicket, layout_regular_city, swamp_mist_pool,
          spider_nest_entry_web_field, eino_small_chamber_without_monster,
          grunt_megastairs_1
Lair:4:   beast_lair_carwin_large_3, layout_regular_city, gauntlet_entry_generic
Gauntlet: gammafunk_gauntlet_hard_choice [gammafunk_gauntlet_arena_crates,
          gammafunk_gauntlet_arena_split_diamond,
          gammafunk_gauntlet_arena_spirals, nicolae_gauntlet_swirl,
          gammafunk_gauntlet_arena_teeth, nicolae_gauntlet_arena_t_cross,
          gauntlet_exit_green]

Skill      XL: |  1  2  3  4  5  6  7  8  9 10 11 12 |
---------------+-------------------------------------+-----
Dodging        | 2 3 4 5 7 8 9 |  9.9
Fighting       | 1 2 3 4 5 7 9 11 12 13 | 13.2
Ice Magic      | 4 5 6 8 |  8.0
Summonings     | 4 7 9 |  9.5
Stealth        | |  1.7
Spellcasting   | |  1.7

Action                   |  1- 3 |  4- 6 |  7- 9 | 10-12 || total
-------------------------+-------+-------+-------+-------++-------
Melee: Short sword       |   120 |   162 |       |       ||   282
       Dagger            |       |    26 |    52 |       ||    78
       Quarterstaff      |       |       |   110 |   250 ||   360
       Whip              |       |       |   202 |     3 ||   205
       Flail             |       |       |       |   239 ||   239
Throw: Dart              |       |     4 |     9 |    16 ||    29
 Cast: Freeze            |    18 |    13 |    11 |    59 ||   101
       Frozen Ramparts   |     2 |    17 |    21 |    48 ||    88
       Ozocubu's Armour  |       |       |     5 |    12 ||    17
       Summon Ice Beast  |       |       |       |     6 ||     6
Evoke: Wand              |       |       |       |     2 ||     2
  Use: Scroll            |     2 |    11 |    10 |    14 ||    37
       Potion            |       |       |     5 |     3 ||     8
 Stab: Sleeping          |     1 |    10 |     2 |       ||    13
       Distracted        |     1 |       |       |       ||     1
Armor: Ring mail         |    68 |       |   105 |       ||   173
       Robe              |       |    48 |     9 |       ||    57
       Scale mail        |       |       |   104 |   333 ||   437
Dodge: Dodged            |   122 |   147 |   307 |   644 ||  1220

Table legend: (Time is in decaauts)
 A = Elapsed time spent in this place.
 B = Non-inter-level travel time spent in this place.
 C = Inter-level travel time spent in this place.
 D = Time resting spent in this place.
 E = Time spent auto-exploring this place.
 F = Levels seen in this place.
 G = Mean time per level.
                   A        B        C        D        E       F      G
               +--------+--------+--------+--------+--------+-----+--------+
         Total |  18635 |  18192 |    443 |   3195 |  11102 |  18 | 1035.3 |
       Dungeon |  13954 |  13565 |    389 |   2199 |   8748 |  11 | 1268.5 |
          Lair |   2496 |   2442 |     54 |     51 |   1843 |   4 |  624.0 |
         Sewer |    419 |    419 |      0 |    191 |    164 |   1 |  419.0 |
       Volcano |    950 |    950 |      0 |    385 |    176 |   1 |  950.0 |
      Gauntlet |    815 |    815 |      0 |    369 |    170 |   1 |  815.0 |
               +--------+--------+--------+--------+--------+-----+--------+

Top non-repeatable levels by time:
    D:10: 1583 daAuts
     D:4: 1515 daAuts
     D:6: 1508 daAuts
    D:11: 1398 daAuts
     D:7: 1358 daAuts
     D:1: 1348 daAuts
     D:3: 1245 daAuts
     D:5: 1156 daAuts
  Lair:2: 1152 daAuts
     D:8: 1146 daAuts
     D:2: 1011 daAuts
 Volcano: 950 daAuts
Gauntlet: 815 daAuts
  Lair:1: 800 daAuts
     D:9: 683 daAuts
